cohdb
Replays
Latest Replays
All Replays
Popular Replays
Top Player Replays
Match Explorer
How It Works
Community
CoH3 Stats
Reddit
Sign in to upload your games and track your stats! →
Sign in with Steam
Match 38726674
Unlisted
Match 38726674
Overview
Messages
Build Orders
End
Selects Airborne Battlegroup
Selects Airborne Battlegroup
Selects Heavy Machine Gun Paradrop
Heavy Machine Gun Paradrop
Construct Barracks
Riflemen Squad
M1 Mortar Team
Riflemen Squad
Construct Medical Station
Selects Paratrooper Squad Paradrop
Grenade Package
Air Support Center
Riflemen Squad
M1918 Browning Automatic Rifles
P-47 Strafing Run
Riflemen Squad
Air Supply
P-47 Dive Bomb
大将军
Жабка
Warlock
Crom
WilllTHENOOBz
NEP_wilson_NEP
书院三师姐
bibotot1995
0
0
Comments
sign in to comment!
No comments posted yet!